 Dungeon Sprint DCSS version 0.27-a0-401-gea03ee85fd (webtiles) character file.

Game seed: 15507047329912057268

54674 mhtbhm the Executioner (level 14, -3/147 HPs)
             Began as a Minotaur Fighter on Feb 21, 2021.
             Was the Champion of Okawaru.
             Slain by a vault warden
             ... wielding a +1 halberd of freezing
              (6 damage)
             ... in the Dungeon (Sprint IX: "|||||||||||||||||||||||||||||").
             The game lasted 00:11:04 (4155 turns).

mhtbhm the Executioner (Minotaur Fighter)           Turns: 4155, Time: 00:11:04

Health: -3/147     AC:  4    Str: 29    XL:     14   Next: 35%
Magic:  23/25      EV: 19    Int:  9    God:    Okawaru [******]
Gold:   22         SH: 23    Dex: 13    Spells: 27/30 levels left

rFire    + . .     SeeInvis .   a - +1 war axe (vamp)
rCold    + . .     Faith    .   c - +4 kite shield "Jiveh" {Int+4}
rNeg     . . .     Spirit   .   (no armour)
rPois    .         Reflect  .   (helmet restricted)
rElec    .         Harm     .   J - scarf {rC+ rF+}
rCorr    .         Rampage  .   A - +0 pair of gloves {archery}
Will     +....     NoTele   +   I - +0 pair of boots {Stlth+}
Stlth    ++++......             B - amulet of regeneration
HPRegen  1.34/turn              p - +3 ring of dexterity
MPRegen  0.19/turn              o - +3 ring of strength

@: heroism
A: retaliatory headbutt, horns 2
a: Renounce Religion, Heroism, Finesse


You were in the Dungeon.
You worshipped Okawaru.
Okawaru was exalted by your worship.
You visited 1 branch You collected 1942 gold pieces.
You spent 1920 gold pieces at shops.

Inventory:

Hand Weapons
 a - a +1 vampiric war axe (weapon)
 n - the +0 hand axe "Quroeno" {venom, rPois Str+2 Stlth+}
   (Okawaru gifted it to you in the Dungeon)

   It poisons the flesh of those it strikes.
   It affects your strength (+2).
   It protects you from poison.
   It makes you more stealthy.
Missiles
 z - 17 javelins (quivered)
Armour
 c - the +4 kite shield "Jiveh" (worn) {Int+4}
   (Okawaru gifted it to you in the Dungeon)

   It affects your intelligence (+4).
 A - a +0 pair of gloves of archery (worn)
 I - a +0 pair of boots of stealth (worn)
 J - a scarf of resistance (worn)
Jewellery
 o - a +3 ring of strength (right hand)
 p - a +3 ring of dexterity (left hand)
 s - a ring of positive energy
 B - an amulet of regeneration (around neck)
 C - a ring of ice
 F - a ring of ice
 G - a ring of see invisible
 H - a ring of ice
Wands
 m - a wand of iceblast (10)
 y - a wand of polymorph (7)
 D - a wand of flame (16)
Scrolls
 j - a scroll of blinking
 l - 2 scrolls of amnesia
 t - 9 scrolls of enchant armour
 u - 4 scrolls of enchant weapon
 v - a scroll of fear
 w - a scroll of magic mapping
 E - 4 scrolls of identify
Potions
 d - 3 potions of might
 e - a potion of invisibility
 f - 6 potions of heal wounds
 g - 2 potions of haste
 h - 4 potions of magic
 i - a potion of berserk rage
 k - 3 potions of curing
 q - a potion of resistance
 r - a potion of mutation


   Skills:
 + Level 19.7(24.7) Fighting
 + Level 22.1(27) Axes
 + Level 1.0(6.0) Throwing
 + Level 18.2(23.2) Armour
 + Level 8.0(13.0) Dodging
 + Level 0.9(5.9) Stealth
 + Level 21.9(26.9) Shields
 * Level 8.6 Spellcasting
 * Level 9.4 Poison Magic
 + Level 2.4 Invocations


You had 27 spell levels left.
You knew the following spells:

 Your Spells              Type           Power        Failure   Level
a - Mephitic Cloud        Conj/Pois/Air  9%           14%         3

Your spell library contained the following spells:

 Spells                   Type           Power        Failure   Level
 Sting                    Tmut/Pois      48%          2%          1
 Poisonous Vapours        Pois/Air       24%          3%          2
 Olgreb's Toxic Radiance  Pois           20%          3%          4
 Ignite Poison            Fire/Tmut/Pois 9%           14%         3


Dungeon Overview and Level Annotations

Branches:
Dungeon (1/1)

Altars:
Cheibriados
Dithmenos
Elyvilon
Fedhas
Gozag
Hepliaklqana
Kikubaaqudgha
Makhleb
Nemelex Xobeh
Okawaru
Qazlal
Ru
Sif Muna
Trog
Uskayaw
Vehumet
Wu Jian
Xom
Yredelemnul
Zin
The Shining One
Beogh
Jiyva
Lugonu

Shops:
D [*(=


Innate Abilities, Weirdness & Mutations

You reflexively headbutt those who attack you in melee.
You have a pair of horns on your head.


Message History

Unknown command.
You feel much better.
The boulder beetle curls into a ball and begins rolling!
You block the vault warden's attack.
Unknown command.
You closely miss the vault warden. Your headbutt misses the vault warden.
The vault warden is moderately wounded.
The boulder beetle stops rolling and uncurls.
The vault warden activates a sealing rune.
A door slams shut!
You hit the vault warden but do no damage.
You headbutt the vault warden.
The vault warden is moderately wounded.
The rakshasa weaves an illusion.
You hit the vault warden but do no damage.
The vault warden is moderately wounded.
The vault warden hits you with a +1 halberd of freezing!!!
* * * LOW HITPOINT WARNING * * *
The vault warden freezes you.
* * * LOW HITPOINT WARNING * * *
You closely miss the vault warden.
The vault warden is moderately wounded.
The vault warden activates a sealing rune.
You slash the vault warden!
You feel better.
The vault warden is heavily wounded.
The boulder beetle leaps!
Unknown command.
You slash the vault warden!
You feel better.
You headbutt the vault warden!
The vault warden is severely wounded.
You block the vault warden's attack.
Unknown command.
You feel much better.
An ogre mage comes into view. It is wielding a +0 club.
You block the vault warden's attack.
Unknown command.
You gain the combat prowess of a mighty hero.
The vault warden hits you with a +1 halberd of freezing!!
* * * LOW HITPOINT WARNING * * *
The vault warden freezes you.
You die...

.▓.▓)▓.▓(▓.▓†▓.▓
.▓.▓)▓.▓)▓.▓.▓.▓.▓
.▓.▓)▓.▓.▓.▓†▓.▓O▓
.▓.▓)▓.▓'▓.▓.▓.▓B▓
†▓.▓)▓.▓.▓.▓.▓.▓Z▓
.▓.▓'▓.▓.▓.▓.▓.▓R▓
.▓)▓.▓.▓[▓.▓.▓.▓c▓
.▓.▓.▓.▓.▓.▓)▓.▓p▓
.▓.▓.▓.▓.▓.▓†▓.▓@▓
.▓.▓.▓.▓.▓.▓)▓.▓+▓
.▓.▓.▓.▓.▓.▓†▓.▓.▓
.▓.▓.▓.▓.▓.♣.♣.▓.▓
.▓.▓.▓.▓.▓.♣.♣.▓.▓
÷▓.▓)▓.▓.▓.♣.♣.▓.▓
÷▓.▓)▓.▓[▓.♣.♣.▓.▓
†▓.▓)▓.▓[▓.♣.♣.▓.▓
.▓.▓)▓.▓[▓.♣.♣.▓.▓


You could see a vault warden, a boulder beetle, a rakshasa, a centaur warrior,
an ogre mage (wandering) and a leopard gecko simulacrum.

Vanquished Creatures
  A sphinx (D)
  A thorn hunter (D)
  Donald (D)
  3 fire giants (D)
  A frost giant (D)
  A very ugly thing (D)
  2 stone giants (D)
  A vampire knight (D)
  An entropy weaver (D)
  2 bunyips (D)
  A spark wasp (D)
  A merfolk javelineer (D)
  2 ettins (D)
  Josephine (D)
  A fire dragon (D)
  A great orb of eyes (D)
  A merfolk impaler (D)
  A yaktaur captain (D)
  2 ice dragons (D)
  2 hydras (D)
  An alligator (D)
  A catoblepas (D)
  A centaur warrior (D)
  2 vampire magi (D)
  A death yak (D)
  4 shock serpents (D)
  A deep troll earth mage (D)
  Urug (D)
  A naga sharpshooter (D)
  A deep troll shaman (D)
  A spriggan berserker (D)
  A fire crab (shapeshifter) (D)
  A goliath frog (D)
  2 sea snakes (D)
  A glowing orange brain (D)
  2 swamp dragons (D)
  A mana viper (D)
  An ironbrand convoker (D)
  An orb spider (D)
  2 wizards (D)
  A necromancer (D)
  A wolf spider (D)
  5 orc knights (D)
  An ugly thing (D)
  A cyclops (D)
  A guardian serpent (D)
  A naga mage (D)
  A black mamba (D)
  A water nymph (D)
  A rime drake (D)
  3 cane toads (D)
  A yaktaur (D)
  2 demonic crawlers (D)
  2 merfolk (D)
  A hornet (D)
  A tyrant leech (D)
  A jumping spider (D)
  4 yaks (D)
  A tarantella (D)
  A shadow (D)
  Eustachio (D)
  5 wraiths (D)
  A vampire mosquito (D)
  A steam dragon (D)
  Grum (D)
  2 wargs (D)
  A hell hound (D)
  2 water moccasins (D)
  2 sky beasts (D)
  19 orc warriors (D)
  A black bear (D)
  An ice beast (D)
  An ogre (D)
  7 wolves (D)
  A boggart (D)
  A centaur (D)
  6 bullfrogs (D)
  2 jellies (D)
  A quasit (D)
  5 orc priests (D)
  2 hounds (D)
  3 orc wizards (D)
  2 worker ants (D)
  An adder (D)
  An adder skeleton (D)
  A dart slug (D)
  9 orcs (D)
  A giant cockroach (D)
  A hobgoblin (D)
  A bat (D)
  A frilled lizard (D)
  A quokka skeleton (D)
170 creatures vanquished.

Vanquished Creatures (others)
  A merfolk aquamancer (D)
1 creature vanquished.

Grand Total: 171 creatures vanquished

Notes
Turn   | Place    | Note
-------+----------+-------------------------------------------
     0 | D        | mhtbhm the Minotaur Fighter began the quest for the Orb.
     0 | D        | Reached XP level 1. HP: 19/19 MP: 0/0
    43 | D        | Noticed a worker ant
    43 | D        | Noticed an orc wizard
    43 | D        | Noticed a hound
    43 | D        | Noticed a worker ant
    49 | D        | Killed a worker ant
    50 | D        | Reached skill level 5 in Fighting
    50 | D        | Reached skill level 3 in Axes
    50 | D        | Reached skill level 5 in Armour
    50 | D        | Reached skill level 5 in Shields
    50 | D        | Reached XP level 2. HP: 21/29 MP: 1/1
    50 | D        | Reached XP level 3. HP: 26/36 MP: 2/2
    59 | D        | Reached skill level 4 in Axes
    70 | D        | Reached skill level 5 in Axes
    70 | D        | Reached skill level 1 in Dodging
    70 | D        | Reached XP level 4. HP: 17/44 MP: 3/3
    95 | D        | Found a roughly hewn altar of Beogh.
    95 | D        | Found a snail-covered altar of Cheibriados.
    95 | D        | Found a shadowy altar of Dithmenos.
    95 | D        | Found a white marble altar of Elyvilon.
    95 | D        | Found a blossoming altar of Fedhas.
    95 | D        | Found an opulent altar of Gozag.
    96 | D        | Found a hazy altar of Hepliaklqana.
    97 | D        | Found a viscous altar of Jiyva.
    98 | D        | Found an ancient bone altar of Kikubaaqudgha.
    99 | D        | Found a corrupted altar of Lugonu.
   100 | D        | Found a burning altar of Makhleb.
   101 | D        | Found a sparkling altar of Nemelex Xobeh.
   102 | D        | Found an iron altar of Okawaru.
   103 | D        | Found a stormy altar of Qazlal.
   104 | D        | Found a sacrificial altar of Ru.
   105 | D        | Found a shimmering blue altar of Sif Muna.
   106 | D        | Found a bloodstained altar of Trog.
   107 | D        | Found a hide-covered altar of Uskayaw.
   108 | D        | Found a radiant altar of Vehumet.
   109 | D        | Found an ornate altar of the Wu Jian Council.
   110 | D        | Found a shimmering altar of Xom.
   111 | D        | Found a basalt altar of Yredelemnul.
   112 | D        | Found a glowing silver altar of Zin.
   113 | D        | Found a glowing golden altar of the Shining One.
   118 | D        | Became a worshipper of Warmaster Okawaru
   346 | D        | Noticed a sky beast
   346 | D        | Noticed an ogre
   346 | D        | Noticed a steam dragon
   346 | D        | Noticed a centaur
   346 | D        | Noticed a yak
   352 | D        | Killed a yak
   353 | D        | Reached skill level 8 in Axes
   353 | D        | Reached XP level 5. HP: 47/52 MP: 4/4
   353 | D        | Killed a centaur
   353 | D        | Reached * piety under Okawaru
   354 | D        | Reached XP level 6. HP: 40/60 MP: 5/5
   583 | D        | Killed a steam dragon
   584 | D        | Reached skill level 9 in Axes
   597 | D        | Reached skill level 10 in Axes
   597 | D        | Reached skill level 10 in Shields
   597 | D        | Reached XP level 7. HP: 45/68 MP: 6/6
   601 | D        | Reached ** piety under Okawaru
   787 | D        | Noticed a centaur warrior
   799 | D        | Killed a centaur warrior
   799 | D        | Reached *** piety under Okawaru
   800 | D        | Reached skill level 12 in Axes
   800 | D        | Reached skill level 10 in Armour
   800 | D        | Reached skill level 5 in Dodging
   800 | D        | Reached XP level 8. HP: 49/78 MP: 7/7
   809 | D        | Reached **** piety under Okawaru
   810 | D        | Reached skill level 13 in Axes
  1050 | D        | Noticed a cane toad
  1057 | D        | Noticed a rime drake
  1061 | D        | Noticed a cane toad
  1074 | D        | Killed a cane toad
  1075 | D        | Reached skill level 10 in Fighting
  1075 | D        | Reached skill level 14 in Axes
  1075 | D        | Reached XP level 9. HP: 71/85 MP: 8/8
  1081 | D        | Killed a rime drake
  1081 | D        | Reached ***** piety under Okawaru
  1085 | D        | Killed a cane toad
  1086 | D        | Reached skill level 15 in Axes
  1091 | D        | Learned a level 3 spell: Mephitic Cloud
  1171 | D        | Noticed a death yak
  1171 | D        | Noticed a cane toad
  1171 | D        | Noticed a catoblepas
  1181 | D        | Killed a catoblepas
  1185 | D        | Noticed a six-headed hydra
  1192 | D        | Killed a death yak
  1193 | D        | Reached skill level 16 in Axes
  1193 | D        | Reached XP level 10. HP: 51/96 MP: 9/9
  1372 | D        | Killed a cane toad
  1380 | D        | Received a gift from Okawaru
  1381 | D        | Reached skill level 17 in Axes
  1392 | D        | Killed a ten-headed hydra
  1393 | D        | Reached skill level 1 in Invocations
  1672 | D        | Noticed Eustachio
  1685 | D        | Killed Eustachio
  1686 | D        | Reached skill level 18 in Axes
  1694 | D        | Noticed Urug
  1706 | D        | Killed Urug
  1707 | D        | Reached skill level 15 in Shields
  1849 | D        | Received a gift from Okawaru
  2007 | D        | Reached XP level 11. HP: 80/107 MP: 11/11
  2144 | D        | Found Inlaitz's Jewellery Boutique.
  2144 | D        | Noticed an orc knight
  2151 | D        | Reached ****** piety under Okawaru
  2157 | D        | Found Uzutog's Antique Weapon Shop.
  2161 | D        | Killed an orc knight
  2179 | D        | Found Dejero's Assorted Antiques.
  2203 | D        | Found Qulos's Antique Armour Shop.
  2206 | D        | Noticed an orc knight
  2207 | D        | Noticed an orc knight
  2208 | D        | Noticed an orc knight
  2220 | D        | Killed an orc knight
  2221 | D        | Reached skill level 19 in Axes
  2226 | D        | Killed an orc knight
  2235 | D        | Killed an orc knight
  2255 | D        | Bought a scroll of blinking for 210 gold pieces
  2261 | D        | Bought an amulet of regeneration for 360 gold pieces
  2278 | D        | Bought a masterwork chain mail for 247 gold pieces
  2283 | D        | Identified the +1 chain mail "Jejecw" {+Blink +Fly rPois
                  | Str-2} (You bought it in a shop in the Dungeon)
  2289 | D        | Bought a jewelled scale mail for 234 gold pieces
  2294 | D        | Identified the +0 scale mail of the Maze {+Inv +Fly Will+
                  | rCorr Dex-3} (You bought it in a shop in the Dungeon)
  2301 | D        | Bought a glowing plate armour for 676 gold pieces
  2308 | D        | Bought a coppery potion for 25 gold pieces
  2308 | D        | Bought a silver wand for 112 gold pieces
  2308 | D        | Bought a scroll labelled OFE FOGUHUL for 28 gold pieces
  2308 | D        | Bought a scroll labelled OFE FOGUHUL for 28 gold pieces
  2329 | D        | Noticed Josephine
  2342 | D        | Killed Josephine
  2352 | D        | Reached skill level 15 in Fighting
  2488 | D        | Noticed a seven-headed hydra
  2488 | D        | Noticed an orc knight
  2503 | D        | Killed an orc knight
  2510 | D        | Noticed a sphinx
  2625 | D        | Noticed a fire crab
  2635 | D        | Killed a fire crab
  2716 | D        | Killed a 19-headed hydra
  2717 | D        | Reached skill level 1 in Spellcasting
  2717 | D        | Reached skill level 1 in Poison Magic
  2770 | D        | Paralysed by a sphinx for 6 turns
  2790 | D        | Killed a sphinx
  2791 | D        | Reached skill level 20 in Axes
  2791 | D        | Reached XP level 12. HP: 56/122 MP: 12/14
  2842 | D        | Noticed a stone giant
  2843 | D        | Noticed an ice dragon
  2863 | D        | Killed a stone giant
  2874 | D        | Killed an ice dragon
  2874 | D        | Received a gift from Okawaru
  2875 | D        | Reached skill level 15 in Armour
  2883 | D        | Got a slimy kite shield {god gift}
  2889 | D        | Identified the +4 kite shield "Jiveh" {Int+4} (Okawaru
                  | gifted it to you in the Dungeon)
  2897 | D        | Noticed a great orb of eyes
  2898 | D        | Noticed an ettin
  2923 | D        | Killed a great orb of eyes
  2930 | D        | Killed an ettin
  2979 | D        | Noticed Grum
  2984 | D        | Killed Grum
  3065 | D        | Noticed a merfolk impaler
  3065 | D        | Noticed a merfolk aquamancer
  3066 | D        | Noticed a merfolk javelineer
  3093 | D        | Killed a merfolk aquamancer
  3094 | D        | Killed a merfolk javelineer
  3111 | D        | Killed a merfolk impaler
  3131 | D        | Reached skill level 5 in Poison Magic
  3298 | D        | Noticed a bunyip
  3298 | D        | Noticed an alligator
  3298 | D        | Noticed a bunyip
  3306 | D        | Killed a bunyip
  3312 | D        | Noticed a thorn hunter
  3318 | D        | Killed an alligator
  3319 | D        | Reached skill level 5 in Spellcasting
  3343 | D        | Killed a bunyip
  3344 | D        | Reached XP level 13. HP: 132/132 MP: 19/19
  3362 | D        | Received a gift from Okawaru
  3382 | D        | Killed a thorn hunter
  3511 | D        | Reached skill level 21 in Axes
  3562 | D        | Noticed an entropy weaver
  3566 | D        | Noticed a spark wasp
  3570 | D        | Killed an entropy weaver
  3625 | D        | Killed a spark wasp
  3751 | D        | Noticed Donald
  3762 | D        | Killed Donald
  3840 | D        | Noticed a fire giant
  3840 | D        | Noticed an ettin
  3840 | D        | Noticed a fire dragon
  3840 | D        | Noticed a fire giant
  3844 | D        | Noticed a frost giant
  3852 | D        | Killed a fire giant
  3864 | D        | Killed a fire dragon
  3864 | D        | Received a gift from Okawaru
  3873 | D        | Killed a fire giant
  3876 | D        | Killed an ettin
  3877 | D        | Noticed a vampire knight
  3888 | D        | Noticed a stone giant
  3901 | D        | Killed a frost giant
  3902 | D        | Reached XP level 14. HP: 133/144 MP: 24/24
  3903 | D        | Received a gift from Okawaru
  3912 | D        | Killed a vampire knight
  3927 | D        | Noticed a fire giant
  3928 | D        | Killed a stone giant
  3974 | D        | Killed a fire giant
  3975 | D        | Reached skill level 22 in Axes
  3981 | D        | Got a brightly glowing hand axe {god gift}
  3991 | D        | Identified the +0 hand axe "Quroeno" {venom, rPois Str+2
                  | Stlth+} (Okawaru gifted it to you in the Dungeon)
  4120 | D        | Noticed a green very ugly thing
  4123 | D        | Noticed a vault warden
  4138 | D        | Reached skill level 1 in Throwing
  4143 | D        | Killed a green very ugly thing
  4143 | D        | Received a gift from Okawaru
  4150 | D        | HP: 7/147 [vault warden/+1 halberd of freezing (6)]
  4155 | D        | HP: 3/147 [vault warden/+1 halberd of freezing (34)]
  4155 | D        | Slain by a vault warden

Illustrated notes

Levels and vault maps discovered:
D:        linesprint [early_d, line_temple, items_1, d_10, items_2, lair_1,
          lair_end, items_3, orc_1, orc_end, items_4, d_15, swamp_1, shoals_1,
          snake_1, spider_1, d_20, vaults_1, items_5, swamp_end, shoals_end,
          snake_end, spider_end, vaults_end, d_27, items_6, zot_1, zot_end,
          crypt_end, forest_end, elf_end, slime_end, tomb_end, abyss_end,
          pan_hell_end]

Skill      XL: |  1  2  3  4  5  6  7  8  9 10 11 12 13 14 |
---------------+-------------------------------------------+-----
Fighting       | 5 7 8 9 10 11 13 15 17 18 19 | 19.7
Armour         | 5 6 7 8 9 10 11 12 13 14 16 17 18 | 18.2
Shields        | 5 6 8 9 10 11 12 14 15 17 18 21 | 21.9
Axes           | 3 5 8 10 12 14 16 18 20 21 22 | 22.1
Dodging        | 1 3 4 5 6 7 8 |  8.0
Invocations    | 2 |  2.4
Spellcasting   | 2 5 7 8 |  8.6
Poison Magic   | 2 5 8 9 |  9.4
Throwing       | 1 |  1.0
Stealth        | |  0.9

Action                   |  1- 3 |  4- 6 |  7- 9 | 10-12 | 13-15 || total
-------------------------+-------+-------+-------+-------+-------++-------
Melee: War axe           |    45 |    19 |       |   397 |   310 ||   771
       Headbutt          |     4 |     8 |    18 |   136 |    92 ||   258
       Broad axe         |       |    26 |    82 |    85 |       ||   193
Throw: Javelin           |       |       |       |       |     1 ||     1
Invok: Heroism           |       |       |       |     1 |     1 ||     2
       Finesse           |       |       |       |     1 |       ||     1
  Use: Potion            |       |     2 |       |     1 |     4 ||     7
       Scroll            |       |       |       |     4 |       ||     4
Armor: Scale mail        |    34 |     7 |       |     9 |       ||    50
       Plate armour      |       |    16 |    33 |   163 |    72 ||   284
       Skin              |       |       |       |       |     1 ||     1
Dodge: Dodged            |    15 |    14 |    19 |   118 |    53 ||   219
Block: Kite shield       |    19 |    26 |    37 |   256 |   198 ||   536

Table legend: (Time is in decaauts)
 A = Elapsed time spent in this place.
 B = Non-inter-level travel time spent in this place.
 C = Inter-level travel time spent in this place.
 D = Time resting spent in this place.
 E = Time spent auto-exploring this place.
 F = Levels seen in this place.
 G = Mean time per level.
                   A        B        C        D        E       F      G
               +--------+--------+--------+--------+--------+-----+--------+
         Total |   4008 |   4008 |      0 |   1539 |    670 |   1 | 4008.0 |
       Dungeon |   4008 |   4008 |      0 |   1539 |    670 |   1 | 4008.0 |
               +--------+--------+--------+--------+--------+-----+--------+

Top non-repeatable levels by time:
       D: 4008 daAuts
